 Dungeon Crawl Stone Soup version 0.30-a0-1016-gfb0d676c02 (webtiles) character file.

Game seed: 17400685568002195255

23 xian the Sneak (level 2, -2/26 HPs)
             Began as a Draconian Delver on Apr 7, 2023.
             Slain by an orc
             ... wielding a +2 dagger of venom
              (3 damage)
             ... on level 3 of the Dungeon.
             The game lasted 00:02:48 (752 turns).

xian the Sneak (Draconian Delver)                    Turns: 752, Time: 00:02:51

Health: -2/26      AC:  5    Str: 14    XL:     2   Next: 75%
Magic:  2/2        EV: 12    Int: 10    God:
Gold:   28         SH:  0    Dex: 12    Spells: 1/1 levels left

rFire   . . .      SeeInvis .    a - +0 hand axe
rCold   . . .      Faith    .    (no shield)
rNeg    . . .      Spirit   .    (body armour unavailable)
rPois   .          Reflect  .    (helmet restricted)
rElec   .          Rampage  .    (no cloak)
rCorr   .                        h - +0 pair of gloves
Will    .....                    (no boots)
Stlth   +++                      (no amulet)
HPRegen 0.24/turn                (no ring)
MPRegen 0.08/turn                (no ring)

@: lethally poisoned (-2 -> -31)
A: AC +4, unfitting armour, cold-blooded
a: no special abilities


You were on level 3 of the Dungeon.
You visited 1 branch of the dungeon, and saw 3 of its levels.

You collected 28 gold pieces.

Inventory:

Hand Weapons
 a - a +0 hand axe (weapon)
Missiles
 i - 10 boomerangs (quivered)
 k - 2 stones
Armour
 h - a +0 pair of gloves (worn)
Wands
 f - a wand of digging (3)
Scrolls
 b - a scroll of fog
 c - a scroll of magic mapping
 d - a scroll of fear
 j - a scroll of torment {unknown}
 l - a scroll of teleportation {unknown}
Potions
 e - 2 potions of haste
 g - a potion of ambrosia {unknown}
 m - a potion of heal wounds {unknown}


   Skills:
 + Level 3.5 Fighting
 + Level 2.1 Axes
 + Level 1.9 Dodging
 + Level 5.1 Stealth


You had one spell level left.
You didn't know any spells.
Your spell library was empty.

Dungeon Overview and Level Annotations

Branches:
Dungeon (5/15)
 Temple: D:4-7

Altars:


Innate Abilities, Weirdness & Mutations

Your plain brown scales are hard. (AC +4)
You cannot fit into any form of body armour.
You are cold-blooded and may be slowed by cold attacks.


Message History

You closely miss the orc. The orc barely misses you.
You slash the orc!
You kill the orc!
You closely miss the orc. The orc misses you.
You barely miss the orc. The orc barely misses you.
The orc hits you with a +0 flail.
You closely miss the orc. The orc barely misses you.
You hit the orc but do no damage. The orc closely misses you.
You barely miss the orc. The orc closely misses you.
You barely miss the orc. The orc hits you but does no damage.
You hit the orc.
The orc is almost dead.
The orc misses you. The orc closely misses you.
You hit the orc.
You kill the orc!
Items here: )))) [[ ††.
HP restored.
An orc comes into view. It is wielding a +2 dagger of venom.
The orc shouts!
The orc hits you with a +2 dagger of venom.
You are poisoned.
You barely miss the orc.
You feel very sick. The orc barely misses you.
You closely miss the orc.
You feel very sick.
The orc hits you with a +2 dagger of venom.
You are lethally poisoned!
You closely miss the orc.
You feel very sick.
The orc hits you with a +2 dagger of venom.
* * * LOW HITPOINT WARNING * * *
You are more poisoned.
You hit the orc but do no damage.
* * * LOW HITPOINT WARNING * * *
You feel very sick. The orc hits you but does no damage.
You are more poisoned.
The orc hits you with a +2 dagger of venom.
You die...

....#...... ##.#
..#....... #..#
..#.#.#.##o#####..
.........o.......#
......#.# #.#
.##.###.# #.# .##.#
#.# #.# .##.###.#
#o# ......#.###.##
#@# .............#
#.# .....##.######
#.# .....##.# #.#
.....##.########.###
#######.......)....#
##############


You could see an orc.

Vanquished Creatures
  9 orcs
  A giant cockroach (D:4)
  2 quokkas (D:4)
  A ball python (D:4)
13 creatures vanquished.

Notes
Turn   | Place    | Note
-------+----------+-------------------------------------------
     0 | D:5      | xian the Draconian Delver began the quest for the Orb.
     0 | D:5      | Reached XP level 1. HP: 19/19 MP: 1/1
    44 | D:5      | Noticed a phantom
   154 | D:4      | Noticed an orc priest
   318 | D:4      | Reached XP level 2. HP: 12/26 MP: 2/2
   514 | D:4      | Reached skill level 5 in Stealth
   752 | D:3      | HP: 1/26 [poisoned by an orc]
   752 | D:3      | Slain by an orc

Illustrated notes

Levels and vault maps discovered:
D:3:      layout_basic, serial_shops, shop
D:4:      layout_basic
D:5:      layout_gridville, eino_small_chamber_without_monster,
          kennysheep_generic_room_2, uniq_grinder, uniq_pikel

Skill      XL: |  1  2 |
---------------+-------+-----
Stealth        | 5 |  5.1
Fighting       | |  3.5
Axes           | |  2.1
Dodging        | |  1.9

Action                     || total
---------------------------++-------
  Melee: Hand axe          ||    62
         Tailslap          ||     5
         Punch             ||     1
 Armour: Skin              ||    18
  Dodge: Dodged            ||    40

Table legend: (Time is in decaauts)
 A = Elapsed time spent in this place.
 B = Non-inter-level travel time spent in this place.
 C = Inter-level travel time spent in this place.
 D = Time resting spent in this place.
 E = Time spent auto-exploring this place.
 F = Levels seen in this place.
 G = Mean time per level.
                   A        B        C        D        E       F      G
               +--------+--------+--------+--------+--------+-----+--------+
         Total |    763 |    735 |     28 |      0 |    293 |   3 |  254.3 |
       Dungeon |    763 |    735 |     28 |      0 |    293 |   3 |  254.3 |
               +--------+--------+--------+--------+--------+-----+--------+

Top non-repeatable levels by time:
     D:4: 551 daAuts
     D:3: 141 daAuts
     D:5: 71 daAuts
